 Dungeon Crawl Stone Soup version 0.27-a0-1347-gd8886f0a89 (webtiles) character file.

Game seed: 12347361506929756148

59 ipx the Vexing (level 3, -3/19 HPs)
             Began as a Deep Elf Enchanter on June 27, 2021.
             Was a Follower of Ru.
             Splashed by an acid dragon's acid (9 damage)
             ... on level 5 of the Dungeon.
             The game lasted 00:12:46 (1063 turns).

ipx the Vexing (Deep Elf Enchanter)                 Turns: 1063, Time: 00:12:47

Health: -3/19      AC:  6    Str:  5    XL:     3   Next: 78%
Magic:  9/9        EV: 27    Int: 20    God:    Ru [*.....]
Gold:   68         SH:  0    Dex: 15    Spells: 2/8 levels left

rFire    . . .     SeeInvis .   a - +1 dagger
rCold    . . .     Faith    .   (no shield)
rNeg     . . .     Spirit   .   b - +0 robe
rPois    .         Reflect  .   (no helmet)
rElec    .         Harm     .   (no cloak)
rCorr    .         Rampage  .   d - +0 pair of gloves
Will     .....                  m - +2 pair of boots "Ocier" {+Inv}
Stlth    +++.......             A - amulet of the acrobat
HPRegen  0.06/turn              l - ring of flight
MPRegen  0.11/turn              (no ring)

@: acrobatic, flying
A: inability to train armour
a: Renounce Religion, Evoke Invisibility


You were on level 5 of the Dungeon.
You worshipped Ru.
Ru was aware of your devotion.
You visited 1 branch of the dungeon, and saw 4 of its levels.

You collected 68 gold pieces.

Inventory:

Hand Weapons
 a - a +1 dagger (weapon)
Missiles
 j - 7 boomerangs
Armour
 b - a +0 robe (worn)
 d - a +0 pair of gloves (worn)
 m - the +2 pair of boots "Ocier" (worn) {+Inv}
   (You found it on level 5 of the Dungeon)

   +Inv:      It lets you turn invisible.
Jewellery
 l - a ring of flight (left hand)
 A - an amulet of the acrobat (around neck)
Scrolls
 e - a scroll of amnesia {unknown}
 f - 2 scrolls of teleportation {unknown}
 g - a scroll of identify {unknown}
Potions
 c - a potion of resistance {unknown}
 h - a potion of heal wounds {unknown}
 i - 2 potions of curing {unknown}
 k - a potion of mutation {unknown}


   Skills:
 + Level 1.2 Short Blades
 - Level 2.4 Dodging
 + Level 4.0 Stealth
 - Level 3.0 Spellcasting
 - Level 5.0 Hexes
 * Level 2.4 Ice Magic


You had 2 spell levels left.
You knew the following spells:

 Your Spells              Type           Power      Damage    Failure   Level
c - Corona                Hex            25%        N/A       1%          1
h - Ensorcelled Hibernat  Hex/Ice        34%        N/A       4%          2
t - Confusing Touch       Hex            23%        N/A       5%          3

Your spell library contained the following spells:

 Spells                   Type           Power      Damage    Failure   Level
 Tukima's Dance           Hex            23%        N/A       5%          3
 Dazzling Flash           Conj/Hex       26%        N/A       16%         3


Dungeon Overview and Level Annotations

Branches:
Dungeon (3/15)

Altars:
Ru


Innate Abilities, Weirdness & Mutations

You cannot train Armour skill.


Message History

You kill the hobgoblin!
You are sucked into a shaft and drop 2 floors!
The shaft crumbles and collapses.
Found a pair of dazzling boots.
Found 18 gold pieces and a rapier.
Found 12 arrows.
Found an escape hatch in the floor.
Found a green potion.
Found 11 gold pieces.
An ufetubus comes into view.
You see here the +2 pair of boots "Ocier" {+Inv}.
m - the +2 pair of boots "Ocier" {+Inv} You start putting on your armour.
You continue putting on the +2 pair of boots "Ocier" {+Inv}. x4
You finish putting on the +2 pair of boots "Ocier" {+Inv}.
Okay, then.
Unknown command.
Unknown command.
The ufetubus shouts!
You hear a roar!
The ufetubus completely misses you. The ufetubus closely misses you.
An acid dragon comes into view.
Found a sedimented sapphire potion.
Casting: Ensorcelled Hibernation (safe; 4% risk of failure)
Confirm with . or Enter, or press ? or * to list all spells.
Aiming: Corona (safe; 1% risk of failure)
Press: ? - help, Shift-Dir - straight line, f - ufetubus
Aim: an ufetubus (chance to affect: 71%)
Okay, then.
Casting: Corona (safe; 1% risk of failure)
Confirm with . or Enter, or press ? or * to list all spells.
Aiming: Ensorcelled Hibernation (safe; 4% risk of failure)
Press: ? - help, Shift-Dir - straight line, f - acid dragon
Aim: an acid dragon (chance to affect: 48%)
Okay, then.
Unknown command.
The ufetubus misses you. The ufetubus hits you.
The acid dragon spits acid at you. The splash of acid hits you!
Ouch! That really hurt!
You are splashed with acid!
You die...

##########
#>.......#
#.(......#
#........# ..#
#........#
.....######........#
#.................!#
.###.######@.......#
####........#
#..5..$..)..#
......$.........#
.....###..#######
!#.# ##D.. # ..##
#.# ..


You could see an acid dragon (catching breath) and an ufetubus.

Vanquished Creatures
  2 adders
  4 dart slugs
  An endoplasm (D:2)
  A giant cockroach (D:2)
  A goblin (D:2)
  4 hobgoblins
  4 jackals (D:2)
  A kobold (D:1)
  2 quokkas
  A ball python (D:1)
  7 bats
  A frilled lizard (D:1)
  3 rats (D:2)
32 creatures vanquished.

Notes
Turn   | Place    | Note
-------+----------+-------------------------------------------
     0 | D:1      | ipx the Deep Elf Enchanter began the quest for the Orb.
     0 | D:1      | Reached XP level 1. HP: 10/10 MP: 6/6
    57 | D:1      | Found a faded altar of an unknown god.
    65 | D:1      | Became a worshipper of Ru the Awakened
    84 | D:1      | Gained mutation: You cannot train Armour skill. [Ru
                  | sacrifice]
    84 | D:1      | Reached * piety under Ru
   395 | D:1      | Reached XP level 2. HP: 9/15 MP: 6/8
   398 | D:1      | Learned a level 2 spell: Ensorcelled Hibernation
   588 | D:2      | Reached skill level 1 in Ice Magic
   671 | D:2      | Reached skill level 5 in Hexes
   732 | D:2      | Reached XP level 3. HP: 14/19 MP: 4/9
   736 | D:2      | Learned a level 3 spell: Confusing Touch
  1040 | D:3      | You are sucked into a shaft and drop 2 floors!
  1040 | D:5      | Entered Level 5 of the Dungeon
  1048 | D:5      | Identified the +2 pair of boots "Ocier" {+Inv}
  1061 | D:5      | Noticed an acid dragon
  1063 | D:5      | Splashed by an acid dragon's acid

Illustrated notes

Levels and vault maps discovered:
D:1:      minmay_arrival_four_houses, layout_loops_ring,
          shapermc_ecumenical_altar_mp_highgroup, st_stairs_4
D:2:      layout_basic, basic_altar, grunt_ministairs_1, nrook_loot_triangle,
          kennysheep_small_spiral, palyth_stone_intersect, hex_large,
          minmay_split_cup_small
D:3:      layout_loops_ring, minmay_divided_ellipse, uniq_robin
D:5:      layout_rooms, lemuel_tele_altar

Skill      XL: |  1  2  3 |
---------------+----------+-----
Ice Magic      | 1 2 |  2.4
Hexes          | 5 |  5.0
Stealth        | 4 |  4.0
Short Blades   | |  1.2
Dodging        | |  2.4
Spellcasting   | |  3.0

Action                   || total
-------------------------++-------
Melee: Dagger            ||    98
 Cast: Corona            ||    12
       Ensorcelled Hiber ||    26
Invok: Sacrifice Durabil ||     1
 Stab: Sleeping          ||    19
Armor: Robe              ||    36
Dodge: Dodged            ||    67

Table legend: (Time is in decaauts)
 A = Elapsed time spent in this place.
 B = Non-inter-level travel time spent in this place.
 C = Inter-level travel time spent in this place.
 D = Time resting spent in this place.
 E = Time spent auto-exploring this place.
 F = Levels seen in this place.
 G = Mean time per level.
                   A        B        C        D        E       F      G
               +--------+--------+--------+--------+--------+-----+--------+
         Total |   1107 |   1099 |      8 |      0 |      0 |   4 |  276.8 |
       Dungeon |   1107 |   1099 |      8 |      0 |      0 |   4 |  276.8 |
               +--------+--------+--------+--------+--------+-----+--------+

Top non-repeatable levels by time:
     D:1: 567 daAuts
     D:2: 449 daAuts
     D:3: 68 daAuts
     D:5: 22 daAuts
